 Dungeon Crawl Stone Soup version 0.18-a0-1514-g6ed9364 (webtiles) character file.

158 mrath the Cudgeler (level 5, 0/41 HPs)
             Began as a Demonspawn Abyssal Knight on Mar 7, 2016.
             Was a Believer of Lugonu.
             Succumbed to Crazy Yiuf's poison
             ... on level 2 of the Dungeon.
             The game lasted 00:10:56 (2831 turns).

mrath the Cudgeler (Demonspawn Abyssal Knight)      Turns: 2831, Time: 00:10:57

Health: 0/41       AC:  5    Str: 14    XL:     5   Next: 16%
Magic:  6/6        EV: 11    Int: 13    God:    Lugonu [**....]
Gold:   167        SH:  2    Dex: 12    Spells: 0 memorised, 4 levels left

rFire  . . .     SeeInvis .     a - +1 mace
rCold  . . .     Gourm    .     b - +0 leather armour
rNeg   . . .     Faith    .     (no shield)
rPois  .         Spirit   .     (helmet restricted)
rElec  .         Dismiss  .     (no cloak)
rCorr  .         Reflect  .     (no gloves)
SustAt .         Harm     .     (no boots)
MR     .....                    (no amulet)
Stlth  ++........               (no ring)
                                (no ring)

@: lethally poisoned (0 -> -4), not resistant to hostile enchantments,
unstealthy
A: horns 1, large bone plates 1, nightstalker 1, spiny 1
a: Depart the Abyss, Bend Space, Renounce Religion


You were on level 2 of the Dungeon.
You worshipped Lugonu.
Lugonu was pleased with you.
You were not hungry.

You visited 1 branch of the dungeon, and saw 2 of its levels.
You visited the Abyss 1 time.

You collected 167 gold pieces.

Inventory:

Hand Weapons
 a - a +1 mace (weapon)
 j - a +0 vampiric hand axe
Missiles
 f - 64 sling bullets
 g - 17 poisoned needles
 h - 2 tomahawks (quivered)
 i - 63 stones
 p - 11 poisoned sling bullets
Armour
 b - a +0 leather armour (worn)
 l - a +0 chain mail
Jewellery
 t - an uncursed ring of sustain attributes {unknown}
 w - an uncursed amulet of regeneration {unknown}
 x - an uncursed ring of poison resistance {unknown}
Scrolls
 e - a scroll of magic mapping {unknown}
 n - a scroll of identify {unknown}
 o - a scroll of enchant weapon {unknown}
 s - 4 scrolls of remove curse {unknown}
 v - a scroll of fog {unknown}
Potions
 d - 2 potions of curing {unknown}
 k - 2 potions of agility {unknown}
 m - a potion of ambrosia {unknown}
 q - a potion of cure mutation {unknown}
 r - a potion of might
Comestibles
 c - 2 bread rations
 u - a fruit
 z - 4 chunks of flesh


   Skills:
 + Level 3.0 Fighting
 + Level 4.6 Maces & Flails
 + Level 2.0 Armour
 + Level 1.1 Dodging
 + Level 2.6 Invocations


You had 4 spell levels left.
You didn't know any spells.

Dungeon Overview and Level Annotations

Branches:
Dungeon (2/15)

Altars:
Trog


Innate Abilities, Weirdness & Mutations

You have a pair of small horns on your head.
You are partially covered in large bone plates (AC +2, SH +2).
You are slightly more attuned to the shadows.
You are partially covered in sharp spines.


Message History

You hit Crazy Yiuf but do no damage. Your headbutt misses Crazy Yiuf.
Crazy Yiuf is severely wounded.
Crazy Yiuf barely misses you.
You barely miss Crazy Yiuf.
Crazy Yiuf is severely wounded.
* * * LOW HITPOINT WARNING * * *
You feel sick. Crazy Yiuf is struck by your spines.
Crazy Yiuf hits you with a quarterstaff of chaos.
* * * LOW HITPOINT WARNING * * *
Crazy Yiuf freezes you.
* * * LOW HITPOINT WARNING * * *
You sock Crazy Yiuf!
You kill Crazy Yiuf!
Lugonu accepts your kill.
Your Armour skill increases to level 2!
Your Dodging skill increases to level 1!
You have reached level 5!
Your demonic ancestry asserts itself...
Large bone plates grow over parts of your arms.
You die...

#.##....###
#....#
#.##......#
#....#
#.##.)#[###
##...#
#.##....###
##.##
#.........#
##.#
#..#.##.###
#.##
##..#.##.###
##.#
...........#
#.##
###.####.###
#@# #.# #.#
#...#
#.####.#
#...#
#......#
#)..#
#..#####
##### #..# #
#..# ###..#
.....#


There were no monsters in sight!

Vanquished Creatures
  Crazy Yiuf (D:2)
  Jessica (D:2)
  4 adders (D:2)
  2 worms (D:2)
  3 dart slugs
  A giant gecko (D:1)
  8 bats
  4 goblins
  2 hobgoblins
  14 jackals
  A giant newt (D:2)
  6 kobolds
  6 rats
53 creatures vanquished.

Notes
Turn   | Place    | Note
--------------------------------------------------------------
     0 | Abyss:1  | mrath the Demonspawn Abyssal Knight began the quest for the Orb.
     0 | Abyss:1  | Reached XP level 1. HP: 18/18 MP: 2/2
     0 | D:1      | Escaped the Abyss
   110 | D:1      | Reached skill level 2 in Maces & Flails
   334 | D:1      | Gained mutation: You have a pair of small horns on your head. [demonic ancestry]
   334 | D:1      | Reached XP level 2. HP: 16/24 MP: 3/3
   456 | D:1      | Reached * piety under Lugonu
   847 | D:1      | Reached skill level 3 in Maces & Flails
   989 | D:1      | Gained mutation: You are slightly more attuned to the shadows. [demonic ancestry]
   989 | D:1      | Reached XP level 3. HP: 29/29 MP: 4/4
  1195 | D:2      | Noticed Jessica
  1203 | D:2      | Killed Jessica
  1464 | D:2      | Gained mutation: You are partially covered in sharp spines. [demonic ancestry]
  1464 | D:2      | Reached XP level 4. HP: 10/35 MP: 5/5
  1786 | D:2      | Reached skill level 4 in Maces & Flails
  2295 | D:2      | Reached ** piety under Lugonu
  2314 | D:2      | Found a bloodstained altar of Trog.
  2377 | D:2      | Noticed Crazy Yiuf
  2829 | D:2      | HP: 1/35 [Crazy Yiuf/quarterstaff of chaos (1)]
  2830 | D:2      | Killed Crazy Yiuf
  2830 | D:2      | Reached skill level 1 in Dodging
  2830 | D:2      | Gained mutation: You are partially covered in large bone plates (AC +2, SH +2). [demonic ancestry]
  2830 | D:2      | Reached XP level 5. HP: 1/41 MP: 6/6
  2831 | D:2      | Succumbed to Crazy Yiuf's poison

Vault maps used:
D:1:      onia_arrival_pyramid, minmay_cupped
D:2:      lemuel_coloured_pillars_altar, minmay_misc_feat_more_columns,
          uniq_jessica, uniq_crazy_yiuf_cottage

Skill      XL: |  1  2  3  4 |
---------------+-------------+-----
Maces & Flails | 2 3 4 |  4.6
Armour         | 2 |  2.0
Dodging        | 1 |  1.1
Fighting       | |  3.0
Invocations    | |  2.6

Action                   |  1- 3 |  4- 6 || total
-------------------------+-------+-------++-------
Melee: Mace              |    91 |    44 ||   135
Invok: Depart the Abyss  |     1 |       ||     1
 Stab: Sleeping          |       |     3 ||     3
  Eat: Chunk             |     2 |     4 ||     6
